cohdb
Replays
Latest Replays
All Replays
Popular Replays
Top Player Replays
Match Explorer
How It Works
Community
CoH3 Stats
Reddit
Sign in to upload your games and track your stats! →
Sign in with Steam
Match 38408909
Unlisted
Match 38408909
Overview
Messages
Build Orders
End
Construct Barracks
Riflemen Squad
Riflemen Squad
Selects Special Operations Battlegroup
1⁄4-ton 4x4 Truck
Grenade Package
Riflemen Squad
Selects M29 Weasel with M1 Pack Howitzer
Construct Weapon Support Center
Mechanized Support Center
M29 Weasel with M1 Pack Howitzer
M3 Armored Personnel Carrier
Bazooka Squad
Selects P-47 Anti-Infantry Loiter
Construct Tank Depot
P-47 Anti-Infantry Loiter
Selects UNKNOWN (2162291)
Selects Raiding Flares
M4A1 Sherman Whizbang
Selects SSF Commando Squad
Chompy
Reilerg
Schakal
Komrad Dyatlov
Vettlen
Superbiz2
Thrusher
The Broken Ace
0
0
Comments
sign in to comment!
No comments posted yet!